 Dungeon Crawl Stone Soup version 0.31-a0-868-g674d60d6f7 (webtiles) character file.

Game seed: 13561532348572943245

306 lunkers the Insei (level 7, -6/52 HPs)
             Began as a Meteoran Shapeshifter on Oct 11, 2023.
             Killed by divine providence
             ... invoked by an orc priest
              (14 damage)
             ... on level 6 of the Dungeon.
             The game lasted 00:01:49 (1185 turns).

lunkers the Insei (Meteoran Shapeshifter)           Turns: 1185, Time: 00:01:50

Health: -6/52      AC:  2    Str: 15    XL:     7   Next: 0%
Magic:  8/8        EV: 12    Int: 12    God:
Gold:   99         SH:  0    Dex: 16    Spells: 6/6 levels left

rFire   + .          .
                       - Unarmed
rCold   . . .        (no shield)
rNeg    . . .        a - +0 animal skin
rPois   .            (helmet currently unavailable)
rElec   .            (cloak currently unavailable)
rCorr   .            (gloves currently unavailable)
SInv    .            (boots currently unavailable)
Will    .....        (no amulet)
Stlth   +            e - ring of protection from fire
HPRegen 0.28/turn    (no ring)
MPRegen 0.11/turn

%: no passive effects
@: beast-form, glowing
A: beast (slay +3), sense surroundings 1, otherworldly, glowing, explore regen
a: Begin Untransformation


You were on level 6 of the Dungeon.
You were a hulking beast.
You visited 1 branch of the dungeon, and saw 4 of its levels.

You collected 99 gold pieces.

Inventory:

Armour
 a - a +0 animal skin (worn)
Jewellery
 e - a ring of protection from fire (left hand)
 l - an amulet of magic regeneration
Talismans
 c - a beast talisman (active)
 d - a flux talisman
Scrolls
 h - a scroll of fear {unknown}
 i - 3 scrolls of noise {unknown}
 j - a scroll of enchant armour {unknown}
 k - 4 scrolls of identify {unknown}
 m - a scroll of silence {unknown}
 o - a scroll of teleportation {unknown}
Potions
 b - a potion of curing {unknown}
 f - a potion of mutation {unknown}
 g - a potion of invisibility {unknown}
 n - 2 potions of heal wounds {unknown}
 p - a potion of might {unknown}


   Skills:
 - Level 1.1 Fighting
 - Level 2.1 Dodging
 * Level 7.1 Unarmed Combat
 + Level 5.3 Shapeshifting


You had 6 spell levels left.
You didn't know any spells.
Your spell library contained the following spells:

 Spells                   Type           Power      Damage    Failure   Level
 Stone Arrow              Conj/Erth      0%         3d7       69%         3
 Animate Armour           Summ/Erth      0%         N/A       97%         4
 Lehudib's Crystal Spear  Conj/Erth      0%         10d2      100%        8


Dungeon Overview and Level Annotations

Branches:
Dungeon (3/15) Zot: 1225

Altars:

Shops:
D:2 ![


Innate Abilities, Weirdness & Mutations

You are a hulking beast.
Your limbs bulge with bestial killing power. (Slay +3)
You passively map a small area around you.
You are easily found by Zot.
You glow in the dark.
You regain HP and MP as you explore.


Message History

You hit the orc priest.
The orc priest is heavily wounded.
The orc priest hits you with a +0 short sword.
* * * LOW HITPOINT WARNING * * *
The orc closely misses you.
A sky beast comes into view.
The orc wizard closely misses you.
Okay, then.
You punch the orc priest!
You kill the orc priest!
The orc wizard misses you.
The orc priest invokes the aid of Beogh against you.
Beogh smites you!
* * * LOW HITPOINT WARNING * * *
Your Unarmed Combat skill increases to level 7!
You hit the orc wizard.
The orc wizard is moderately wounded.
The orc closely misses you. The orc wizard barely misses you.
Unknown command.
You punch the orc wizard!
You kill the orc wizard!
The orc hits you with a +0 short sword.
* * * LOW HITPOINT WARNING * * *
The orc misses you.
You have reached level 7!
You barely miss the orc priest. You punch the orc priest.
The orc priest is moderately wounded.
Unknown command.
You hit the orc priest. Your punch misses the orc priest.
The orc priest is severely wounded.
The orc barely misses you. The orc hits you with a +0 short sword.
* * * LOW HITPOINT WARNING * * *
The orc priest hits you with a +0 flail.
* * * LOW HITPOINT WARNING * * *
You hit the orc priest but do no damage.
The orc priest is severely wounded.
The orc closely misses you. x2
The orc priest calls down the wrath of Beogh upon you.
Beogh smites you!
You die...

* .............. ### *
#######.####.# + ..*
#...........# * *##.#
,##.####.####.# ,,...
.>........# #.# *
**#$?##..######..# #.#
#..Y. , #..# #.# *
#####.oo#, ### #..# #.#
, ......oh#,,..* ,#..#
#.# * #####..|# .. #
#..# #.# #...# .#
.#..###.# *
.,,,#...#..####....#....
,, ..
#...#.......##.#.#.# *
...,#......<.........#.)
....#...#######.##...###
........................
*
####..........).....####


You could see a sky beast, an orc priest and 2 orcs.

Vanquished Creatures
  Sigmund (D:2)
  An orc priest (D:6)
  2 orc wizards (D:6)
  3 gnolls (D:2)
  4 orcs
  5 bats
  3 endoplasms
  3 giant cockroaches
  5 goblins
  5 hobgoblins
  A quokka (D:1)
  A frilled lizard (D:1)
  3 kobolds (D:1)
  4 rats
41 creatures vanquished.

Notes
Turn   | Place    | Note
-------+----------+-------------------------------------------
     0 | D:1      | lunkers the Meteoran Shapeshifter began the quest for the
                  | Orb.
     0 | D:1      | Reached XP level 1. HP: 16/16 MP: 2/2
    59 | D:1      | Reached skill level 4 in Unarmed Combat
    59 | D:1      | Reached XP level 2. HP: 23/23 MP: 3/3
   238 | D:1      | Reached XP level 3. HP: 27/28 MP: 4/4
   462 | D:2      | Noticed Sigmund
   480 | D:2      | Reached XP level 4. HP: 22/35 MP: 5/5
   487 | D:2      | Killed Sigmund
   488 | D:2      | Reached skill level 6 in Unarmed Combat
   488 | D:2      | Reached skill level 5 in Shapeshifting
   488 | D:2      | Reached XP level 5. HP: 22/40 MP: 6/6
   488 | D:2      | Reached XP level 6. HP: 26/47 MP: 7/7
   578 | D:2      | Found Fokiuroe's Antique Armour Shoppe.
   586 | D:2      | Found Gihuhips's Distillery.
   855 | D:3      | You fall into a shaft and drop 3 floors!
  1179 | D:6      | Noticed a sky beast
  1181 | D:6      | Reached skill level 7 in Unarmed Combat
  1183 | D:6      | Reached XP level 7. HP: 15/52 MP: 8/8
  1185 | D:6      | Killed from afar by an orc priest

Illustrated notes

Levels and vault maps discovered:
D:1:      dpeg_arrival_simpleton_c, layout_rooms
D:2:      layout_basic, hellmonk_ecumenical_altar_inner_sanctum, serial_shops,
          shop, nicolae_shop_competitors_out_of_business,
          uniq_crazy_yiuf_cottage, uniq_sigmund
D:3:      layout_basic
D:6:      layout_basic, minitemple

Skill      XL: |  1  2  3  4  5  6 |
---------------+-------------------+-----
Unarmed Combat | 4 6 7 |  7.1
Shapeshifting  | 4 5 |  5.3
Fighting       | |  1.1
Dodging        | |  2.1

Action                     |  1- 3 |  4- 6 |  7- 9 || total
---------------------------+-------+-------+-------++-------
  Melee: Unarmed           |    71 |    42 |     3 ||   116
         Punch             |     1 |     1 |     1 ||     3
    Use: Potion            |       |     1 |       ||     1
 Armour: Animal skin       |    32 |    18 |     2 ||    52
         Skin              |       |     2 |       ||     2
  Dodge: Dodged            |    43 |    20 |     3 ||    66

Table legend: (Time is in decaauts)
 A = Elapsed time spent in this place.
 B = Non-inter-level travel time spent in this place.
 C = Inter-level travel time spent in this place.
 D = Time resting spent in this place.
 E = Time spent auto-exploring this place.
 F = Levels seen in this place.
 G = Mean time per level.
                   A        B        C        D        E       F      G
               +--------+--------+--------+--------+--------+-----+--------+
         Total |   1173 |   1140 |     33 |     33 |    850 |   4 |  293.2 |
       Dungeon |   1173 |   1140 |     33 |     33 |    850 |   4 |  293.2 |
               +--------+--------+--------+--------+--------+-----+--------+

Top non-repeatable levels by time:
     D:1: 390 daAuts
     D:6: 327 daAuts
     D:2: 295 daAuts
     D:3: 160 daAuts
